Cogmind - Beta 9.6 @@@ ROGUE MODE // 2020.08.14 @ 14:54:30 Player: muxecoid Result: Destroyed by as-70484 with Assembled Blade Performance ------------- Evolutions (0) 0 Regions Visited (2) 400 Robots Destroyed (17) 85 Value Destroyed (483) 483 Prototype IDs (0) 0 Alien Tech Used (0) 0 Bonus (60) 60 TOTAL SCORE: 1028 Bonus ------- Follower Combat Kills 60 Cogmind --------- Core Integrity 0/250 Matter 291/300 Energy 100/100 System Corruption 1% Temperature Cool (0) Movement Rolling (110) Ox3 Location -10/Mines Parts ------- > --- POWER (1) -------- (None) > --- PROPULSION (2) --- Wheel > --- UTILITY (2) ------ Large Storage Unit Large Storage Unit > --- WEAPON (2) ------- (None) > --- INVENTORY (16) --- Aluminum Leg Carbon-fiber Leg Wheel EM Pulse Gun Medium Laser Mining Laser Peak State ------------ > --- POWER ------------ Ion Engine > --- PROPULSION ------- Aluminum Leg Carbon-fiber Leg > --- UTILITY ---------- Large Storage Unit Large Storage Unit > --- WEAPON ----------- Particle Gun Light Assault Rifle > --- INVENTORY -------- Wheel Wheel EM Pulse Gun Medium Laser Mining Laser [Rating: 10] Favorites ----------- Power Ion Engine Engine Ion Engine Propulsion Compact Wheel Leg Aluminum Leg Wheel Compact Wheel Utility Large Storage Unit Storage Large Storage Unit Weapon Light Assault Rifle Energy Gun Particle Gun Ballistic Gun Light Assault Rifle Build | -11 -10 -10 ------- Run | Scr Mat Min Slots Evolved . | . . . Power . | . . . Propulsion . | . . . Utility . | . . . Weapon . | . . . Parts Attached 19 | 6 5 8 Power 3 | 1 1 1 Engine 3 | 1 1 1 Core . | . . . Reactor . | . . . Propulsion 8 | 2 1 5 Treads . | . . . Leg 2 | . . 2 Wheel 6 | 2 1 3 Hover . | . . . Flight . | . . . Utility 3 | 1 2 . Device . | . . . Storage 3 | 1 2 . Processor . | . . . Hackware . | . . . Protection . | . . . Artifact . | . . . Weapon 5 | 2 1 2 Energy Gun 2 | . 1 1 Energy Cannon . | . . . Ballistic Gun 3 | 2 . 1 Ballistic Cannon . | . . . Launcher . | . . . Special Weapon . | . . . Impact Weapon . | . . . Slashing Weapon . | . . . Piercing Weapon . | . . . Special Melee Weapon . | . . . Unidentified Prototypes . | . . . Parts Lost 12 | . 3 9 Power 3 | . 1 2 Propulsion 4 | . 1 3 Utility . | . . . Weapon 5 | . 1 4 Highest Loss Streak 5 | . 3 5 Average Slot Usage (%) 86 | . 83 87 Engine 7 | . 13 4 Leg 13 | . . 18 Wheel 13 | . 26 8 Storage 24 | . 14 28 Energy Gun 10 | . 3 13 Ballistic Gun 16 | . 24 13 Naked Turns . | . . . Heaviest Build 41 | 12 38 41 Greatest Support 32 | 32 32 26 Greatest Overweight (x) 3 | . 1 3 Average Overweight (x) 1 | . . 1 Largest Inventory Capacity 16 | 6 16 16 Average Capacity 12 | 5 6 16 Most Carried 6 | 2 6 6 Average Carried 4 | 1 4 4 Final Capacity 16 | 6 16 16 Final Carried 6 | 2 5 6 Class Distribution -------------------- 63% | Mutant 36% | Scavenger-Mutant Dominant Class ---------------- Mutant | -10/Materials Scavenger-Mutant | -10/Mines Resources | -11 -10 -10 ----------- Run | Scr Mat Min Matter Collected 454 | 217 161 76 Remotely . | . . . Salvage Created 579 | . 342 237 Parts 29 | . 18 11 Haulers Intercepted . | . . . Recyclers Shooed 1 | . 1 . Parts Field Recycled . | . . . Retrieved Matter . | . . . Parts Self-Destructed . | . . . Prevented . | . . . Kills | -11 -10 -10 ------- Run | Scr Mat Min Combat Hostiles Destroyed 17 | . 10 7 Guns 17 | . 10 7 Classes Destroyed 2 | . 2 . Swarmer 6 | . 3 3 Grunt 11 | . 7 4 Best Kill Streak 5 | . 5 2 Combat Bots Only 5 | . 5 2 Max Kills in Single Turn 1 | . 1 1 Gunslinging . | . . . Exploded . | . . . Melee . | . . . Uniques/NPCs Destroyed . | . . . Combat | -11 -10 -10 -------- Run | Scr Mat Min Damage Taken 1092 | . 487 605 Core 264 | . 90 174 Absorbed by Shields . | . . . Core Remaining (%) 100 | 100 . . Volleys Fired 59 | . 34 25 Largest 2 | . 2 2 Hottest 85 | . 70 85 Shots Fired 111 | . 68 43 Gun 111 | . 68 43 Cannon . | . . . Launcher . | . . . Special . | . . . Kinetic 82 | . 57 25 Thermal 29 | . 11 18 Explosive . | . . . Electromagnetic . | . . . Robot Hit Streak 8 | . 8 7 Robot Miss Streak 3 | . 2 3 Penetration Max . | . . . Secondary Targets 3 | . 1 2 Max Gunslinging Chain 1 | . 1 1 Shots Hit Robots 74 | . 48 26 Core Hits 32 | . 19 13 Critical Hits . | . . . Critical Kills . | . . . Critical Parts Destroyed . | . . . Melee Attacks . | . . . Impact . | . . . Slashing . | . . . Piercing . | . . . Sneak Attacks . | . . . Combat Hostiles . | . . . Follow-up Attacks . | . . . Damage Inflicted 797 | . 548 249 Guns 780 | . 536 244 Cannons . | . . . Explosions . | . . . Melee . | . . . Ramming 17 | . 12 5 Kinetic 530 | . 425 105 Thermal 250 | . 111 139 Explosive . | . . . Electromagnetic . | . . . Impact . | . . . Slashing . | . . . Piercing . | . . . Highest Corruption 1 | . . 1 Average Corruption 1 | . . 1 Corruption Purged . | . . . Overload Shots . | . . . Overflow Damage . | . . . Projectiles . | . . . Explosions . | . . . Melee . | . . . Knockbacks . | . . . Impact . | . . . Kinetic . | . . . Secondary . | . . . Self-Inflicted Damage 8 | . 6 2 Shots . | . . . Rammed 3 | . 2 1 Targets Rammed 3 | . 2 1 Kicked . | . . . Crushed . | . . . Highest Temperature 197 | . 197 78 Average Temperature 53 | . 71 35 Received Heat Transfer 270 | . 186 84 Siege Activations . | . . . Robots Corrupted . | . . . Combat Hostiles . | . . . Parts Fried . | . . . Impact Corruptions . | . . . Robots Melted . | . . . Combat Hostiles . | . . . Parts Melted 2 | . . 2 Heat Transferred 703 | . 333 370 Parts Sabotaged . | . . . Parts Stolen . | . . . Parts Stripped . | . . . Power Chain Reactions . | . . . Missiles Intercepted . | . . . Alert | -11 -10 -10 ------- Run | Scr Mat Min Peak Influence 237 | . 215 237 Average Influence 100 | . 70 119 Maximum Alert Level 1 | . 1 1 Low Security (%) 80 | 100 84 76 Level 1 19 | . 15 23 Level 2 . | . . . Level 3 . | . . . Level 4 . | . . . Level 5 . | . . . High Security . | . . . Max Security . | . . . Squads Dispatched 2 | . 2 . Investigation . | . . . Extermination . | . . . Reinforcement 2 | . 2 . Assault . | . . . Garrison . | . . . Intercept . | . . . Construction Impeded . | . . . Haulers Reinforced . | . . . Stealth | -11 -10 -10 --------- Run | Scr Mat Min Distress Signals 1 | . 1 . Communications Jammed . | . . . Distress Signals . | . . . Times Spotted 36 | . 15 21 Peak Tracking Total 11 | . 6 11 Tactical Retreats 4 | . 2 2 Traps | -11 -10 -10 ------- Run | Scr Mat Min Traps Triggered . | . . . Indirectly . | . . . Trap Hack Attempts . | . . . Triggered . | . . . Disarmed . | . . . Reprogrammed . | . . . Reused . | . . . Traps Extracted . | . . . Installed . | . . . Triggered . | . . . Machines | -11 -10 -10 ---------- Run | Scr Mat Min Machines Disabled 1 | . . 1 Max in Single Turn 1 | . . 1 Machines Sabotaged . | . . . Garrisons Compromised . | . . . Overloaded Fab Kills . | . . . Fab Network Shutdowns . | . . . Hacking | -11 -10 -10 --------- Run | Scr Mat Min Machines Accessed . | . . . Terminals . | . . . Fabricators . | . . . Repair Stations . | . . . Recycling Units . | . . . Scanalyzers . | . . . Garrison Access . | . . . Total Hacks . | . . . Successful . | . . . Failed . | . . . Catastrophic . | . . . Database Lockouts . | . . . Manual . | . . . Terminals . | . . . Fabricators . | . . . Repair Stations . | . . . Recycling Units . | . . . Scanalyzers . | . . . Garrison Access . | . . . Terminal Hacks . | . . . Fabricator Hacks . | . . . Repair Station Hacks . | . . . Recycling Unit Hacks . | . . . Scanalyzer . | . . . Garrison Access Hacks . | . . . Unauthorized Hacks . | . . . Terminals . | . . . Fabricators . | . . . Repair Stations . | . . . Recycling Units . | . . . Scanalyzers . | . . . Garrison Access . | . . . Data Cores Recovered . | . . . Used . | . . . Hacking Detections . | . . . Full Trace Events . | . . . Feedback Events . | . . . Feedback Blocked . | . . . Robot Schematics Acquired . | . . . Robots Built . | . . . Matter . | . . . Time . | . . . Total Robot Build Rating . | . . . Part Schematics Acquired . | . . . Parts Built . | . . . Matter . | . . . Time . | . . . Total Part Build Rating . | . . . Parts Repaired . | . . . Time . | . . . Parts Recycled . | . . . Recycled Matter . | . . . Retrieved Matter . | . . . Retrieved Components . | . . . Parts Scanalyzed . | . . . Part Schematics Acquired . | . . . Parts Damaged . | . . . Bothacking | -11 -10 -10 ------------ Run | Scr Mat Min Used RIF Installer . | . . . Robots Hacked . | . . . Non-combat . | . . . Combat . | . . . Robot Hacks Applied . | . . . Relay Couplers Released . | . . . Robots Rewired . | . . . Allies Hacked . | . . . Hacks Repelled . | . . . Allies | -11 -10 -10 -------- Run | Scr Mat Min Total Allies 2 | . . 2 Largest Group 2 | . . 2 Highest-Rated Group 38 | . . 38 Highest-Rated Ally 31 | . . 31 Total Orders . | . . . Ally Attacks 13 | . . 13 Total Damage 213 | . . 213 Kills 2 | . . 2 Allies Corrupted . | . . . Allies Melted . | . . . Intel | -11 -10 -10 ------- Run | Scr Mat Min Robot Analysis Total . | . . . Derelict Logs Recovered 2 | . . 2 Drone Launches . | . . . Drone Recoveries . | . . . Exploration | -11 -10 -10 ------------- Run | Scr Mat Min Turns Passed 941 | 42 265 634 Spaces Moved 551 | 32 130 389 Core 1 | 1 . . Treads . | . . . Legs 211 | . . 211 Wheels 339 | 31 130 178 Hover . | . . . Flight . | . . . Fastest Speed 50 | 50 90 90 Average Speed 120 | 98 98 129 Slowest Speed 150 | 100 100 150 Overloaded Moves . | . . . Propulsion Burnouts . | . . . Robots Hopped . | . . . Cave-ins Triggered . | . . . Exploration Rate (%) 32 | 4 24 68 Regions Visited 2 Branch Regions 1 Pre-discovered Areas 1 | . . 1 Known Exits Taken . | . . . Unknown Exits Taken 2 | 1 1 . Scrap Searched 2 | . . 2 Spaces Dug . | . . . Terrain Destroyed . | . . . Melee . | . . . Projectile . | . . . AOE . | . . . Actions | -11 -10 -10 --------- Run | Scr Mat Min Total 723 | 39 205 479 Wait 81 | . 28 53 Move 550 | 31 130 389 Hop . | . . . Pick Up 10 | 2 6 2 Fast Attach 11 | 6 1 4 Attach 5 | . 3 2 Detach 1 | . . 1 Swap 3 | . 1 2 Drop 1 | . 1 . Fire 59 | . 34 25 Melee . | . . . Ram 2 | . 1 1 Kick . | . . . Crush . | . . . Escape Stasis . | . . . Rewire . | . . . Trap . | . . . Miscellaneous . | . . . Route ------- -11/Scrapyard -10/Materials -10/Mines (discovered 2 exits: [*Mat x2]) History --------- Turn | Location | Event 27 | -11/Scrapyard | Discovered new exit (range 14) 43 | -11/Scrapyard | Entered Materials 264 | -10/Materials | Lost 3 parts (1p1n1w) 280 | -10/Materials | Discovered new exit (range 14) 308 | -10/Materials | Entered Mines 316 | -10/Mines | Build established: Mutant 393 | -10/Mines | Core integrity fell below 50% 417 | -10/Mines | Lost 5 parts (1p2n2w) 487 | -10/Mines | Learned location of Storage (-8) 556 | -10/Mines | Discovered new exit (range 9) 602 | -10/Mines | Discovered new exit (range 6) 816 | -10/Mines | Learned 4 Materials zone layouts 828 | -10/Mines | Learned Materials stockpile data 862 | -10/Mines | Build established: Scavenger-Mutant 882 | -10/Mines | Assembled infested the area 887 | -10/Mines | Assisted by a Guerilla fighting off Assembled 937 | -10/Mines | Core integrity fell below 20% 942 | -10/Mines | Destroyed by as-70484 with Assembled Blade Last Messages --------------- squad. 00887_ A derelict emerges from the shadows: "You need to get out of here! I've been tracking a group of Assembled to figure out where they're coming from, and they're closing on this area, come on!" 00890_ 4X-QN3(h): "I'll hold them off! Go on ahead or try to find another way!" 00891_ as-55584 sneak attacks. 00891_ K-01 Serf system corrupted by crushing effect. 00891_ K-01 Serf destroyed. 00896_ 4X-QN3(h) shuts down. 00901_ 4X-QN3(h) destroyed. 00918_ Lgt. Assault Rifle destroyed. 00918_ System corrupted by crushing effect (+1). 00918_ Knocked back. 00927_ Particle Gun destroyed. 00936_ Knocked back. 00937_ Ion Engine destroyed. 00937_ Wheel destroyed. 00938_ Slammed into as-68198. 00939_ K-01 Serf destroyed. Map ----- +----------------------------------------------------+ | ???? ## [ #??????# #??????????? | | ?????# ### ##??????# ###????????? | | ??????# ##?## #??????## ###??????? | | ????????# ###???# #??????# ##?????? | | ????????## ##?????# #??????# ##????? | | ?????????# #??????# #??????## #????? | | ????????# ## %##??????# #???????#### #????? | | ????????# ??# #???????#%#??????????## #????? | | ????????## ????# #???###?# #???????????### #????? | | ???????????????# #??## ## #?????????????#%#????? | | ?????????????### #??# # #???????????### #????? | | ????????????## ##### ##??????????# #????? | | ???????????## ### #??????????# ###????? | | ???????????# """ ### #??????????# #??????? | | ??????????# """ ### ##??????????# #??????? | | ?????????# """ ### ##???????????# #??????? | | ????????# #?# %##??##???????# #??????? | | ???????# ## ##?# t ## ##??????# #??????? | | ???????# #?####??# #??????# #??????? | | ???????## ???##???## #??????#%#??????? | | ????????## ???? ???# #########%#####??? | | ?????????# ?????? $??# ##### # %% #??? | | ?????????## ???????# ??# #???? # "" """ """ #??? | | ??????????# ????????# ## #?????# """ """ """ #??? | | ?????????? ?????????# # a##????# """ """ """ #??? | | ????????? ??????????# @ ##???# #??? | | ????????????????????# a #???# """ """ #??? | | ????????????????????# #???# """ %""" #??? | | ????????????????????## aa=#???# """ """ #??? | | ?????????????????????## # %#???# < #??? | | ??????????????????????#### *##??# #??? | | ???????????????????????### ##?# #??? | | ???????????????????????# #?# #??? | | ???????????????????????# a #?### ##########??? | | ???????????????????????# a #???# #####???????? | | ???????????????????????## ##???# #???????? | | ????????????????????????# #????###### #???????? | | ????????????????????????# ##????##### ##??????? | | ????????????????????????# #????# #??????? | | #???????????#####??????## #????# #??????? | | ##????????### ######## #????# #??????? | | ###?????## ## #????# #??????? | | ##????# #????# < #??????? | | ##???# #????# #??????? | | ##?## ### ##????########??????? | | ### ##?#### ##???????????????????? | | #?????## ##????????????????????? | | # ##??????## #?????????????????????? | | ## ##????????#### ##?????????????????????? | | ?#### ##????????????####??????????????????????? | +----------------------------------------------------+ Best States ------------- Heat Dissipation 25 Energy Generation 10 Energy Capacity 250 Matter Stores 300 Matter Capacity 300 Sight Range 16 Terrain Scan Density 10 Evasion (%) 42 Item Schematics ----------------- None Robot Schematics ------------------ None Fabricated ------------ Nothing Alien Tech Used ----------------- None Achievements -------------- None Challenges ------------ None Game ------ Seed SpikedAssemblyCanceller Manual? 0 Play Time 00:10:21 Cumulative 173.7 hours Start 2020.08.14 @ 14:45:19 End 2020.08.14 @ 14:54:30 Sessions 1 Manual Loads 0 Difficulty Rogue Special Mode None Game No. 101 Rogue 101 Adventurer 0 Explorer 0 Win Type - Total 7 Types 5/0/1/1/0/0/0 Lore% 60 Gallery% 78 Achievement% 62 Wizard Run 0 Options --------- ASCII 0 Keyboard 0 Movement Numpad Keybinds 0 Fullscreen 1 Font 24/Smallcaps Map View 76x50 Tactical HUD 1 Map Filters NONE Filters NONE Steam 1 RUN: a9053e2d-c9a8-43af-b703-ccc47e286674